 Dungeon Crawl Stone Soup version 0.28-a0-1356-g2ad6d04315 (webtiles) character file.

Game seed: 13384940930509487326

23667 snetch the Severer (level 12, -10/112 HPs)
             Began as a Minotaur Berserker on Dec 30, 2021.
             Was an Elder of Trog.
             Killed from afar by Frances (45 damage)
             ... with an iron shot
             ... on level 13 of the Dungeon.
             The game lasted 00:42:08 (14088 turns).

snetch the Severer (Minotaur Berserker)            Turns: 14088, Time: 00:42:09

Health: -10/112    AC: 22    Str: 30    XL:     12   Next: 73%
Magic:  20/20      EV: 12    Int:  4    God:    Trog [****..]
Gold:   775        SH:  5    Dex: 17    Spells: 11/11 levels left

rFire   . . .      SeeInvis .   a - +8 battleaxe "Qiklar" {vorpal, rN+ rCorr MP+9 Str+4}
rCold   . . .      Faith    .   (shield currently unavailable)
rNeg    + . .      Spirit   .   J - +2 chain mail {rPois}
rPois   +          Reflect  +   (helmet restricted)
rElec   .          Harm     .   P - +1 cloak
rCorr   +          Rampage  .   U - +0 pair of gloves
Will    ++...                   (no boots)
Stlth   ..........              K - amulet of reflection
HPRegen 1.28/turn               G - +4 ring of protection
MPRegen 0.17/turn               o - +6 ring of dexterity

@: strong-willed, regenerating
A: horns 2, retaliatory headbutt
a: Renounce Religion, Berserk, Trog's Hand, Brothers in Arms


You were on level 13 of the Dungeon.
You worshipped Trog.
Trog was greatly pleased with you.
You visited 2 branches of the dungeon, and saw 14 of its levels.

You collected 775 gold pieces.

Inventory:

Hand Weapons
 a - the +8 battleaxe "Qiklar" (weapon) {vorpal, rN+ rCorr MP+9 Str+4}
   (You found it on level 5 of the Dungeon)

   It inflicts extra damage upon your enemies.
   Str:       It affects your strength (+4).
   rN:        It protects you from negative energy.
   MP:        It affects your magic capacity (+9).
   rCorr:     It protects you from acid and corrosion.
 b - a +2 battleaxe of flaming
 c - a +4 quarterstaff of chaos
Missiles
 i - 7 javelins
 k - 355 stones
 H - 76 poisoned darts
 O - a boomerang (quivered)
 R - a curare-tipped dart
Armour
 J - a +2 chain mail of poison resistance (worn)
 P - a +1 cloak (worn)
 U - a +0 pair of gloves (worn)
Jewellery
 d - a +4 ring of protection
 o - a +6 ring of dexterity (right hand)
 r - a ring of protection from cold
 D - a ring of protection from fire
 G - a +4 ring of protection (left hand)
 K - an amulet of reflection (around neck)
 X - a ring of positive energy
Wands
 w - a wand of polymorph (5)
 B - a wand of flame (15)
 F - a wand of acid (11)
 I - a wand of digging (12)
 Q - a wand of iceblast (2)
 W - a wand of mindburst (5)
Scrolls
 e - 3 scrolls of magic mapping {unknown}
 f - 3 scrolls of amnesia {unknown}
 g - 2 scrolls of blinking
 n - 4 scrolls of teleportation
 p - 4 scrolls of fog {unknown}
 q - 2 scrolls of torment
 t - 2 scrolls of enchant weapon
 v - 3 scrolls of fear {unknown}
 x - 4 scrolls of acquirement {unknown}
 y - a scroll of noise
 C - 2 scrolls of enchant armour
 E - 3 scrolls of vulnerability {unknown}
 T - 2 scrolls of immolation {unknown}
Potions
 h - 2 potions of lignification {unknown}
 m - 4 potions of curing
 s - a potion of might
 u - a potion of haste
 z - a potion of cancellation
 A - 2 potions of attraction {unknown}
 L - 2 potions of flight {unknown}
 N - 2 potions of heal wounds {unknown}
 S - a potion of resistance
 V - a potion of ambrosia {unknown}


   Skills:
 + Level 11.8 Fighting
 + Level 17.1(17.3) Axes
 - Level 4.3(12.2) Maces & Flails
 + Level 3.4(4.5) Staves
 + Level 2.2 Throwing
 + Level 11.9 Armour
 + Level 5.2 Dodging
 + Level 3.0 Stealth
 + Level 4.8 Shields
 + Level 0.8 Evocations


You had 11 spell levels left.
You didn't know any spells.
Your spell library contained the following spells:

 Spells                   Type           Power      Damage    Failure   Level
 Corpse Rot               Necr/Air       0%         N/A       97%         2
 Confusing Touch          Hex            0%         N/A       99%         3
 Dazzling Flash           Conj/Hex       0%         N/A       99%         3
 Inner Flame              Hex/Fire       0%         N/A       99%         3
 Ozocubu's Armour         Ice            0%         N/A       99%         3
 Cause Fear               Hex            0%         N/A       100%        4
 Dispel Undead            Necr           0%         3d6       100%        4
 Agony                    Necr           0%         N/A       100%        5
 Fireball                 Conj/Fire      0%         3d3       100%        5
 Metabolic Englaciation   Hex/Ice        0%         N/A       100%        5
 Silence                  Hex/Air        0%         N/A       100%        5
 Yara's Violent Unravell  Hex/Tmut       0%         3d3       100%        5
 Death Channel            Necr           0%         N/A       100%        6
 Simulacrum               Ice/Necr       0%         N/A       100%        6
 Starburst                Conj/Fire      0%         6d3       100%        6
 Enfeeble                 Hex            0%         N/A       100%        7
 Ozocubu's Refrigeration  Ice            0%         4d5       100%        7
 Discord                  Hex            0%         N/A       100%        8
 Ignition                 Fire           0%         3d3       100%        8


Dungeon Overview and Level Annotations

Branches:
Dungeon (13/15)            Temple (1/1) D:7            Lair (0/6) D:8
    Orc (0/2) D:9
 Vaults: D:13-14

Altars:
Ashenzari
Cheibriados
Dithmenos
Elyvilon
Fedhas
Gozag
Hepliaklqana
Kikubaaqudgha
Makhleb
Nemelex Xobeh
Okawaru
Qazlal
Ru
Sif Muna
Trog
Uskayaw
Vehumet
Wu Jian
Xom
Yredelemnul
Zin
The Shining One
Beogh

Shops:
D:2 :   D:7 :

Annotations:
D:12 dancing weapons behind stone
D:13 Frances


Innate Abilities, Weirdness & Mutations

You have a pair of horns on your head.
You reflexively headbutt those who attack you in melee.


Message History

The wind drake bites you.
You carve the wind drake like a ham!!!
You kill the wind drake!
Trog accepts your kill.
The wind drake's shape twists and changes as it dies.
You barely miss the two-headed ogre. You headbutt the two-headed ogre!
The two-headed ogre is lightly wounded.
The two-headed ogre hits you with a +0 giant club!!
The two-headed ogre barely misses you.
You slash the two-headed ogre!
The two-headed ogre is moderately wounded.
Frances, Duchess of Pandemonium comes into view.
She is wielding a +0 flail.
The two-headed ogre hits you but does no damage.
The two-headed ogre hits you with a +0 giant spiked club.
You hit the two-headed ogre. You headbutt the two-headed ogre.
The two-headed ogre is heavily wounded.
You hit the two-headed ogre.
Your headbutt misses the two-headed ogre.
The two-headed ogre is heavily wounded.
The two-headed ogre hits you with a +0 giant club!!
The two-headed ogre hits you but does no damage.
You slash the two-headed ogre! You headbutt the two-headed ogre!
You kill the two-headed ogre!
Trog accepts your kill.
Frances screams a word of power!
Frances seems to speed up.
Unknown command.
Your skin crawls.
You feel strong-willed.
Found 24 gold pieces.
Things that are here:
a +0 giant club; a +0 giant spiked club; a two-headed ogre corpse You slice Frances!!
You headbutt Frances!
Frances is moderately wounded.
Frances hits you with a +0 flail!!
You slice Frances!! Your headbutt misses Frances.
Frances is heavily wounded.
Frances screams a word of power!
The iron shot hits you!!!
You die...

#.#. #.# #$..# #.#.
#.# +...# ...##.#
#...# #..#.# #...#
#<#.#### #}..+
#......#
###...########.##....
#...@......# #.# ##.
.### #...@......# #.#
.....#..........# #.#
#............# #.# #
####...†....## ...
....####..........#
.. #...............#
######<..........
#...........
#..........#


You could see Frances (fast).

Vanquished Creatures
  2 hydras
  3 centaur warriors
  5 two-headed ogres
  4 skeletal warriors (D:12)
  An ugly thing (D:12)
  3 cyclopes (D:12)
  A moth of wrath (D:5)
  A kobold demonologist (D:13)
  An efreet (D:12)
  A komodo dragon (D:11)
  A wind drake (shapeshifter) (D:13)
  10 trolls
  A meliai (shapeshifter) (D:12)
  2 meliai (D:12)
  A slime creature (D:12)
  A hornet (D:9)
  A wraith (D:12)
  A shadow (D:7)
  A centaur simulacrum (D:12)
  6 yaks (D:10)
  A steam dragon (D:9)
  Menkaure (D:7)
  4 vampire mosquitoes
  5 acid dragons
  2 water moccasins (D:7)
  2 ice beasts
  3 orc warriors
  A hornet zombie (D:8)
  2 sky beasts
  2 ogres (D:5)
  A black bear (D:6)
  A necrophage (D:4)
  A phantom (D:5)
  8 centaurs
  3 kobold brigands
  3 bullfrogs
  A scorpion (D:6)
  A wyvern zombie (D:8)
  6 killer bees (D:10)
  9 wights
  5 electric eels (D:12)
  5 howler monkeys
  3 centaur zombies
  Crazy Yiuf (D:4)
  5 orc priests
  5 centaur skeletons
  A bullfrog skeleton (D:6)
  9 orc wizards
  3 iguanas
  3 howler monkey zombies
  9 gnolls
  9 adders
  A shadow imp (D:8)
  A white imp (D:6)
  An ufetubus (D:6)
  4 worms
  3 dart slugs (D:4)
  28 orcs
  7 ball pythons
  10 endoplasms
  5 giant cockroaches
  3 hobgoblins
  6 jackals (D:1)
  A quokka (D:3)
  9 bats
  A frilled lizard (D:2)
  6 goblins
  18 kobolds
  26 rats
292 creatures vanquished.

Vanquished Creatures (collateral kills)
  2 two-headed ogres (D:9)
  A skeletal warrior (D:12)
  A shadow (D:9)
4 creatures vanquished.

Vanquished Creatures (others)
  An ugly thing (D:12)
  A howler monkey (D:9)
  A fungus (D:1)
  6 plants
9 creatures vanquished.

Grand Total: 305 creatures vanquished

Notes
Turn   | Place    | Note
-------+----------+-------------------------------------------
     0 | D:1      | snetch the Minotaur Berserker began the quest for the Orb.
     0 | D:1      | Reached XP level 1. HP: 19/19 MP: 0/0
   279 | D:1      | Reached skill level 4 in Axes
   287 | D:1      | Reached XP level 2. HP: 27/27 MP: 1/1
   341 | D:1      | Found a faded altar of an unknown god.
   554 | D:1      | Reached ** piety under Trog
   749 | D:1      | Reached XP level 3. HP: 33/33 MP: 2/2
  1197 | D:2      | Found Lusemimn's Book Shoppe.
  1205 | D:2      | You fall into a shaft and drop 2 floors!
  1220 | D:5      | Entered Level 5 of the Dungeon
  1220 | D:5      | Noticed an ice beast
  1231 | D:5      | Killed an ice beast
  1232 | D:5      | Reached skill level 5 in Axes
  1232 | D:5      | Reached skill level 1 in Stealth
  1232 | D:5      | Reached XP level 4. HP: 41/41 MP: 3/3
  1232 | D:5      | Reached XP level 5. HP: 47/47 MP: 4/4
  1263 | D:4      | Found a basalt altar of Yredelemnul.
  1336 | D:4      | Noticed a necrophage
  1345 | D:4      | Killed a necrophage
  1346 | D:4      | Reached skill level 5 in Fighting
  1346 | D:4      | Reached skill level 1 in Maces & Flails
  1619 | D:4      | Found a burning altar of Makhleb.
  1712 | D:3      | Reached XP level 6. HP: 53/56 MP: 5/5
  1713 | D:3      | Reached *** piety under Trog
  2863 | D:3      | Found an iron altar of Okawaru.
  3239 | D:5      | Found a shadowy altar of Dithmenos.
  3341 | D:4      | Found a runed translucent door.
  3342 | D:4      | Noticed Crazy Yiuf
  3352 | D:4      | Killed Crazy Yiuf
  3352 | D:4      | Reached **** piety under Trog
  3529 | D:5      | Identified the +8 battleaxe "Qiklar" {vorpal, rN+ rCorr
                  | MP+9 Str+4}
  3916 | D:5      | Found a glowing silver altar of Zin.
  3921 | D:5      | Reached XP level 7. HP: 51/61 MP: 6/6
  3923 | D:5      | Reached skill level 5 in Armour
  3928 | D:5      | Reached skill level 1 in Throwing
  4041 | D:5      | Reached skill level 6 in Axes
  4806 | D:5      | Noticed a moth of wrath
  4809 | D:5      | Found a bloodstained altar of Trog.
  4990 | D:6      | Reached XP level 8. HP: 67/70 MP: 7/7
  5020 | D:6      | Reached skill level 7 in Axes
  5288 | D:6      | Found a radiant altar of Vehumet.
  5291 | D:6      | Found a broken altar of Ashenzari.
  5297 | D:6      | Reached skill level 8 in Axes
  5317 | D:6      | Found a hide-covered altar of Uskayaw.
  5324 | D:6      | Found a shimmering altar of Xom.
  5355 | D:7      | Found Xuherph's Book Boutique.
  5522 | D:8      | Found a blossoming altar of Fedhas.
  5634 | D:6      | Reached skill level 9 in Axes
  6391 | D:7      | Reached XP level 9. HP: 78/79 MP: 8/8
  6399 | D:7      | Found a staircase to the Ecumenical Temple.
  6417 | Temple   | Entered the Ecumenical Temple
  6826 | D:7      | Noticed Menkaure
  6829 | D:7      | Killed Menkaure
  6832 | D:7      | Reached ***** piety under Trog
  6833 | D:7      | Reached skill level 10 in Axes
  7672 | D:9      | Noticed a troll
  7678 | D:9      | Killed a troll
  7679 | D:9      | Reached skill level 11 in Axes
  7859 | D:8      | Reached skill level 1 in Shields
  7884 | D:8      | Found a staircase to the Lair.
  7904 | D:8      | Found a glowing golden altar of the Shining One.
  8227 | D:9      | Found a staircase to the Orcish Mines.
  8536 | D:8      | Reached skill level 12 in Axes
  8988 | D:5      | Killed a moth of wrath
  8989 | D:5      | Reached XP level 10. HP: 90/90 MP: 9/9
  9138 | D:9      | Noticed a two-headed ogre
  9139 | D:9      | Noticed a two-headed ogre
  9148 | D:9      | Killed a two-headed ogre
  9150 | D:9      | Killed a two-headed ogre
  9151 | D:9      | Reached skill level 13 in Axes
  9287 | D:10     | Entered Level 10 of the Dungeon
  9294 | D:10     | Noticed a two-headed ogre
  9302 | D:10     | Killed a two-headed ogre
  9437 | D:9      | Reached skill level 14 in Axes
 10044 | D:11     | Reached XP level 11. HP: 89/99 MP: 10/10
 10100 | D:10     | Noticed a centaur warrior
 10102 | D:10     | Killed a centaur warrior
 10126 | D:10     | Reached skill level 15 in Axes
 10311 | D:10     | Found an ornate altar of the Wu Jian Council.
 10434 | D:10     | Found a hazy altar of Hepliaklqana.
 10545 | D:11     | Reached skill level 10 in Fighting
 10949 | D:12     | Noticed a two-headed ogre
 10957 | D:12     | Killed a two-headed ogre
 10961 | D:12     | Noticed a skeletal warrior
 10961 | D:12     | Noticed a skeletal warrior
 10962 | D:12     | Noticed a skeletal warrior
 10962 | D:12     | Noticed a skeletal warrior
 10978 | D:12     | Killed a skeletal warrior
 10982 | D:12     | Killed a skeletal warrior
 10986 | D:12     | Killed a skeletal warrior
 10990 | D:12     | Killed a skeletal warrior
 11091 | D:11     | Noticed a five-headed hydra
 11100 | D:11     | Killed a five-headed hydra
 11101 | D:11     | Reached skill level 16 in Axes
 11101 | D:11     | Reached skill level 10 in Armour
 11497 | D:12     | Noticed a +0 dagger
 11498 | D:12     | Noticed a +0 spear
 11498 | D:12     | Noticed a +0 spear
 11499 | D:12     | Noticed a +0 short sword
 11500 | D:12     | Noticed a +0 falchion
 11500 | D:12     | Noticed a +0 dagger
 11500 | D:12     | Noticed a +0 falchion
 11500 | D:12     | Noticed a +0 short sword
 11564 | D:12     | Noticed a skeletal warrior
 11575 | D:12     | Killed a skeletal warrior
 11848 | D:12     | Noticed a four-headed hydra
 11865 | D:12     | Killed a four-headed hydra
 11866 | D:12     | Reached skill level 1 in Staves
 11871 | D:12     | Reached XP level 12. HP: 67/110 MP: 10/11
 12041 | D:12     | Received a gift from Trog
 12474 | D:12     | HP: 3/165 [cyclops/large rock (16)]
 12828 | D:12     | Noticed a centaur warrior
 12835 | D:12     | Killed a centaur warrior
 12873 | D:12     | Reached skill level 5 in Dodging
 13002 | D:12     | Noticed a two-headed ogre
 13006 | D:12     | Killed a two-headed ogre
 13336 | D:12     | Found a hide-covered altar of Uskayaw.
 13626 | D:12     | Noticed a two-headed ogre
 13633 | D:12     | Killed a two-headed ogre
 13849 | D:13     | Noticed a centaur warrior
 13850 | D:13     | Killed a centaur warrior
 13851 | D:13     | Reached skill level 17 in Axes
 14073 | D:13     | Noticed a two-headed ogre
 14081 | D:13     | Noticed Frances
 14084 | D:13     | Killed a two-headed ogre
 14088 | D:13     | Killed from afar by Frances

Illustrated notes

Levels and vault maps discovered:
D:1:      wander_arrival_lonely_grave, layout_loops_ring,
          shapermc_ecumenical_altar_ellora
D:2:      layout_basic, serial_shops, nicolae_shop_stone, columned_hall_lemuel
D:3:      layout_basic, amcnicky_altar_gilded, minmay_misc_feat_secret_circle,
          minmay_rat_hole
D:4:      layout_basic, mainiacjoe_overflow_alcove_1, mainiacjoe_overflow_paths,
          uniq_crazy_yiuf_cottage
D:5:      layout_basic, mainiacjoe_overflow_catwalk, tgw_trog,
          kennysheep_diamond
D:6:      minmay_evil_eye, layout_loops_corners,
          grunt_temple_overflow_cloverleaf, kennysheep_generic_room_4
D:7:      layout_basic, minmay_temple_entry_waves, serial_shops,
          nicolae_shop_statue_plus, uniq_menkaure
D:8:      layout_loops_corners, tso_metal_star, fedhas_ov_isle_minmay,
          lair_entry_dummy, item_on_display_a
D:9:      layout_roguey, minmay_orc_entry_temple_small,
          kennysheep_generic_room_2
D:10:     layout_gridville, nicolae_hepliaklqana_hippocampus,
          mainiacjoe_overflow_small_starburst, nicolae_figureground_pulse
D:11:     layout_stronghold
D:12:     minmay_the_grid_plus [minmay_the_grid_broken_lines,
          minmay_the_grid_slots, minmay_the_grid_square_x,
          minmay_the_grid_small_cups, minmay_the_grid_prize_four_corners],
          layout_basic, nicolae_uskayaw_en_pointe
D:13:     layout_rooms, david_vaults_1, uniq_urug, uniq_frances, uniq_maurice
Temple:   compressed_dpeg_triangle_lava_temple

Skill      XL: |  1  2  3  4  5  6  7  8  9 10 11 12 |
---------------+-------------------------------------+-----
Axes           | 4 5 6 9 12 14 16 17 | 17.1
Fighting       | 4 5 6 7 8 9 11 | 11.8
Stealth        | 1 2 3 |  3.0
Dodging        | 3 4 5 |  5.2
Maces & Flails | 1 3 4 |  4.3
Armour         | 3 4 5 6 7 8 10 11 | 11.9
Throwing       | 1 2 |  2.2
Shields        | 1 2 4 |  4.8
Staves         | 1 3 |  3.4
Evocations     | |  0.8

Action                   |  1- 3 |  4- 6 |  7- 9 | 10-12 || total
-------------------------+-------+-------+-------+-------++-------
Melee: Hand axe          |    53 |       |       |       ||    53
       Headbutt          |    16 |    33 |    38 |    66 ||   153
       Whip              |    16 |   120 |       |       ||   136
       Dagger            |     5 |       |       |       ||     5
       Battleaxe         |       |     4 |   165 |   204 ||   373
       Quarterstaff      |       |       |       |    11 ||    11
Throw: Stone             |    11 |     1 |     6 |       ||    18
       Boomerang         |       |       |       |    12 ||    12
Invok: Berserk           |     1 |       |       |     5 ||     6
       Trog's Hand       |       |       |       |     5 ||     5
       Brothers in Arms  |       |       |       |     2 ||     2
Evoke: Wand              |       |       |     2 |     3 ||     5
  Use: Scroll            |       |       |       |    12 ||    12
       Potion            |       |       |       |     1 ||     1
 Stab: Sleeping          |     2 |       |       |       ||     2
Armor: Animal skin       |     9 |       |       |       ||     9
       Chain mail        |    11 |    46 |    87 |   143 ||   287
Dodge: Dodged            |    31 |    51 |    78 |   136 ||   296
Block: Other             |       |       |    15 |    46 ||    61
       Reflection        |       |       |       |    13 ||    13

Table legend: (Time is in decaauts)
 A = Elapsed time spent in this place.
 B = Non-inter-level travel time spent in this place.
 C = Inter-level travel time spent in this place.
 D = Time resting spent in this place.
 E = Time spent auto-exploring this place.
 F = Levels seen in this place.
 G = Mean time per level.
                   A        B        C        D        E       F      G
               +--------+--------+--------+--------+--------+-----+--------+
         Total |  14222 |  13166 |   1056 |    204 |   9440 |  14 | 1015.9 |
       Dungeon |  13924 |  12872 |   1052 |    204 |   9387 |  13 | 1071.1 |
        Temple |    298 |    294 |      4 |      0 |     53 |   1 |  298.0 |
               +--------+--------+--------+--------+--------+-----+--------+

Top non-repeatable levels by time:
    D:12: 2621 daAuts
     D:6: 1432 daAuts
     D:5: 1371 daAuts
     D:1: 1170 daAuts
     D:8: 1131 daAuts
     D:7: 1073 daAuts
     D:3: 1013 daAuts
     D:4: 1011 daAuts
    D:11: 981 daAuts
    D:10: 855 daAuts
     D:9: 660 daAuts
     D:2: 537 daAuts
  Temple: 298 daAuts
    D:13: 64 daAuts
